 Dungeon Crawl Stone Soup version 0.14-a0-1613-gd720e3e (webtiles) character file.

221 M4edhros the Bolt Thrower (level 4, 0/29 HPs)
             Began as an Octopode Wanderer on Dec 25, 2013.
             Slain by ahoge's ghost (3 damage)
             ... on Level 3 of the Dungeon.
             The game lasted 00:01:27 (1858 turns).

M4edhros the Bolt Thrower (Octopode Wanderer)       Turns: 1858, Time: 00:01:27

HP   0/29        AC  1     Str 11      XL: 4   Next: 65%
MP   4/4         EV 11     Int 15      God:
Gold 126         SH  0     Dex 11      Spells:  0 memorised,  3 levels left

rFire  . . .     SeeInvis .     b - +0 crossbow
rCold  . . .     Clarity  .     (no shield)
rNeg   . . .     Conserve .     (helmet restricted)
rPois  .         rCorr    .     (no amulet)
rElec  .         rRot     .     (no ring)
SustAb . .       Spirit   .     (no ring)
rMut   .         Warding  .     (no ring)
Saprov . . .     Stasis   .     (no ring)
                                (no ring)
                                (no ring)
                                (no ring)
                                (no ring)

@: drained, slightly resistant to hostile enchantments, quite stealthy
A: almost no armour, amphibious, 8 rings, constrict 8, camouflage 1, gelatinous
body 1
a: no special abilities


You were on level 3 of the Dungeon.
You were not hungry.

You visited 1 branch of the dungeon, and saw 3 of its levels.

You collected 126 gold pieces.

Inventory:

Hand weapons
 b - a +0,+0 crossbow (weapon)
 d - a +0,+0 dagger
Missiles
 e - 15 bolts (quivered)
 j - 9 poisoned bolts
Comestibles
 f - 4 bread rations
 m - 2 meat rations
Scrolls
 g - a scroll of remove curse {unknown}
 l - a scroll of random uselessness {unknown}
 o - 3 scrolls of teleportation
 p - a scroll of amnesia {unknown}
 q - 2 scrolls of identify {unknown}
Potions
 a - a potion of berserk rage
 c - a potion of flight {unknown}
 h - 3 potions of curing
 i - 2 potions of heal wounds {unknown}
 k - a potion of invisibility {unknown}
 n - a potion of degeneration {unknown}


   Skills:
 - Level 2.0(1.0) Fighting
 + Level 4.7(3.6) Crossbows
 - Level 1.0(0.1) Throwing
 - Level 1.0(0.1) Dodging
 - Level 4.0(3.0) Stealth
 - Level 1.0(0.1) Unarmed Combat


You had 3 spell levels left.
You didn't know any spells.

Dungeon Overview and Level Annotations

Branches:
Dungeon (3/16)

Altars:
the Shining One

Annotations:
D:3 ahoge's ghost, average MiBe


Innate Abilities, Weirdness & Mutations

You cannot wear most types of armour.
You are amphibious.
You can wear up to eight rings at the same time.
You can use your tentacles to constrict many enemies at once.
Your skin changes colour to match your surroundings (Stlth).
Your rubbery body absorbs attacks (AC +1).


Message History

Press: ? - help, Shift-Dir - straight line, f/p - ahoge's ghost
Aim: ahoge's ghost (severely damaged)
You shoot a bolt. The bolt hits ahoge's ghost.
Ahoge's ghost is severely damaged.
Ahoge's ghost hits you!
You feel drained.
Firing (i - inventory. (,) - cycle):
e - 16 bolts (quivered)
Press: ? - help, Shift-Dir - straight line, f/p - ahoge's ghost
Aim: ahoge's ghost (severely damaged)
You shoot a bolt. The bolt hits ahoge's ghost.
Ahoge's ghost is severely damaged.
Ahoge's ghost misses you. Ahoge's ghost hits you!
* * * LOW HITPOINT WARNING * * *
You feel drained.
* * * LOW HITPOINT WARNING * * *
You are too injured to fight recklessly!
Drink which item? (? for menu, Esc to quit)
You feel better. Ahoge's ghost hits you!
* * * LOW HITPOINT WARNING * * *
You feel drained.
You die...

# #....#.##.# #.######.#
#(#..###.##.# #.#
##........##.###(##
..................#
.........########.#
#########.# #.#####.#
........#.# #>....!.#
###......%########.#######
###+##........#(@.((...#
.....########.#p##.###.....
.....# #.#.##(........
.....# #.#(##..######
.....# #.#.##..# .....#
#.#.##..# ..... #.#(....#
###. #.####.## #.#......


You could see ahoge's ghost.

Vanquished Creatures
  Jessica (D:3)
  3 adders
  A worm (D:3)
  3 giant geckos
  2 oozes
  An orc (D:3)
  4 ball pythons (D:1)
  A giant cockroach (D:1)
  5 goblins (D:1)
  6 hobgoblins
  4 bats
  2 giant newts
  2 jackals (D:3)
  3 kobolds
  6 rats
44 creatures vanquished.

Notes
Turn   | Place    | Note
--------------------------------------------------------------
     0 | D:1      | M4edhros, the Octopode Wanderer, began the quest for the Orb.
     0 | D:1      | Reached XP level 1. HP: 14/14 MP: 1/1
   328 | D:1      | Reached XP level 2. HP: 19/19 MP: 2/2
   757 | D:1      | Reached XP level 3. HP: 24/24 MP: 3/3
  1350 | D:2      | Found a glowing golden altar of the Shining One.
  1437 | D:3      | Noticed Jessica
  1441 | D:3      | Killed Jessica
  1441 | D:3      | Reached XP level 4. HP: 26/29 MP: 4/4
  1469 | D:3      | Noticed ahoge's ghost (average MiBe)
  1858 | D:3      | Slain by ahoge's ghost

Action                   |  1- 3 |  4- 6 || total
-------------------------+-------+-------++-------
 Fire: Crossbow          |    62 |    24 ||    86
  Use: Potion            |       |     1 ||     1
